 Dungeon Sprint DCSS version 0.30-a0-605-gb2882149bf (webtiles) character file.

Game seed: 10828621283401745638

605 NinjaNoafa the Destroyer (level 7, -5/44 HPs)
             Began as a Tengu Conjurer on Jan 7, 2023.
             Was a High Priest of Vehumet.
             Slain by a red devil
             ... wielding a +0 trident
              (21 damage)
             ... in the Dungeon (Sprint VII: "The Pits").
             The game lasted 00:04:48 (599 turns).

NinjaNoafa the Destroyer (Tengu Conjurer)            Turns: 599, Time: 00:04:49

Health: -5/44      AC:  2    Str:  8    XL:     7   Next: 42%
Magic:  10/21      EV: 17    Int: 20    God:    Vehumet [*****.]
Gold:   0          SH:  0    Dex: 12    Spells: 11/26 levels left

rFire   . . .      SeeInvis .    n - +0 quarterstaff (protect)
rCold   . . .      Faith    .    (shield currently unavailable)
rNeg    . . .      Spirit   .    a - +0 robe
rPois   .          Reflect  .    (helmet restricted)
rElec   .          Harm     .    (no cloak)
rCorr   .          Rampage  .    (no gloves)
Will    .....      NoTele   +    (boots unavailable)
Stlth   +++                      (no amulet)
HPRegen 0.27/turn                (no ring)
MPRegen 0.17/turn                (no ring)

@: spiked, flying quickly and evasively, very slightly contaminated, quick
A: beak, talons 3, nimble flight
a: Renounce Religion


You were in the Dungeon.
You worshipped Vehumet.
Vehumet was extremely pleased with you.
You visited 1 branch

Inventory:

Hand Weapons
 n - a +0 quarterstaff of protection (weapon)
Missiles
 m - 2 boomerangs
Armour
 a - a +0 robe (worn)
Scrolls
 g - a scroll of blinking
 j - 5 scrolls of amnesia
 k - a scroll of summoning
 l - 2 scrolls of vulnerability
Potions
 b - 3 potions of magic
 c - 5 potions of curing
 d - 2 potions of heal wounds
 e - a potion of haste
 f - 3 potions of berserk rage
 i - 2 potions of invisibility


   Skills:
 - Level 5.0 Fighting
 + Level 6.6 Dodging
 + Level 6.3 Stealth
 - Level 10.0 Spellcasting
 - Level 10.0 Conjurations


You had 11 spell levels left.
You knew the following spells:

 Your Spells              Type           Power      Damage    Failure   Level
a - Magic Dart            Conj           100%       1d8       1%          1
b - Searing Ray           Conj           100%       2d8       1%          2
c - Dazzling Flash        Conj/Hex       60%        N/A       1%          3
d - Fulminant Prism       Conj/Hex       15%        3d10      2%          4
e - Iskenderun's Mystic   Conj/Tloc      30%        2d8       2%          4
f - Kiss of Death         Conj/Necr      100%       2d13      1%          1

Your spell library contained the following spells:

 Spells                   Type           Power      Damage    Failure   Level
 Static Discharge         Conj/Air       60%        2-5/arc   1%          2


Dungeon Overview and Level Annotations

Branches:
Dungeon (1/1)

Altars:
Ashenzari
Cheibriados
Dithmenos
Elyvilon
Fedhas
Gozag
Hepliaklqana
Kikubaaqudgha
Makhleb
Nemelex Xobeh
Okawaru
Qazlal
Ru
Sif Muna
Trog
Uskayaw
Vehumet
Wu Jian
Xom
Yredelemnul
Zin
The Shining One
Jiyva
Lugonu


Innate Abilities, Weirdness & Mutations

You have a beak for a mouth.
You have claws for feet.
Your magical nature lets you fly swiftly and evasively.


Message History

The red devil hits you from afar with a +0 trident.
Barbed spikes become lodged in your body.
Magic courses through your body.
The red devil hits you from afar with a +0 trident!
Barbed spikes become lodged in your body.
Casting: Iskenderun's Mystic Blast (dangerous; 2% risk of failure)
Confirm with . or Enter, or press ? or * to list all spells.
Casting: Dazzling Flash (safe; 1% risk of failure)
Press: ? - help, Dir - look around, f - activate The red devil is dazzled.
The red devil misses you.
Casting: Dazzling Flash (safe; 1% risk of failure)
Confirm with . or Enter, or press ? or * to list all spells.
Aiming: Fulminant Prism (dangerous; 2% risk of failure)
Press: ? - help, Dir - move target, f - red devil
Aim: a red devil, wielding a +0 trident (heavily wounded, blind)
Okay, then.
Casting: Fulminant Prism (dangerous; 2% risk of failure)
Confirm with . or Enter, or press ? or * to list all spells.
You miscast Iskenderun's Mystic Blast.
You are very lightly contaminated with residual magic.
Nothing appears to happen.
The red devil hits you from afar with a +0 trident!
Barbed spikes become lodged in your body.
Casting: Iskenderun's Mystic Blast (dangerous; 2% risk of failure)
Confirm with . or Enter, or press ? or * to list all spells.
Aiming: Searing Ray (safe; 1% risk of failure)
Press: ? - help, Shift-Dir - straight line, f - red devil
Aim: a red devil, wielding a +0 trident (heavily wounded, blind, 76% to hit)
The searing ray hits the red devil.
The red devil is severely wounded. (Press . to maintain the ray.)
The red devil closely misses you.
The searing ray hits the red devil but does no damage.
The red devil is severely wounded.
The red devil closely misses you.
The searing ray hits the red devil.
The red devil is severely wounded.
The red devil is no longer blind.
The red devil hits you from afar with a +0 trident!!
You die...

#)#........##.......#
#)###########.......#
#)......# #########
#..###..# #.......#
##.###.##+#
#.......#.+
#..###..#'#
#....@.4'.#
###########


You could see a red devil.

Vanquished Creatures
  2 floating eyes (D)
  An ogre (D)
  A centaur (D)
  A phantom (D)
  2 gnoll boudas (D)
  10 gnolls (D)
  A river rat (D)
  An ufetubus (D)
  An orc (D)
  A ball python (D)
  A hobgoblin (D)
  A kobold (D)
  A ball python zombie (D)
  A frilled lizard (D)
25 creatures vanquished.

Vanquished Creatures (others)
  5 fulminant prisms (D)
5 creatures vanquished.

Grand Total: 30 creatures vanquished

Notes
Turn   | Place    | Note
-------+----------+-------------------------------------------
     0 | D        | NinjaNoafa the Tengu Conjurer began the quest for the Orb.
     0 | D        | Reached XP level 1. HP: 10/10 MP: 4/4
    96 | D        | Found a bloodstained altar of Trog.
    96 | D        | Found a shimmering blue altar of Sif Muna.
    96 | D        | Found a viscous altar of Jiyva.
    96 | D        | Found a hazy altar of Hepliaklqana.
    96 | D        | Found an opulent altar of Gozag.
    97 | D        | Found a glowing golden altar of the Shining One.
    97 | D        | Found a glowing silver altar of Zin.
    97 | D        | Found a basalt altar of Yredelemnul.
    97 | D        | Found a shimmering altar of Xom.
    97 | D        | Found an ornate altar of the Wu Jian Council.
    97 | D        | Found a sacrificial altar of Ru.
    97 | D        | Found a stormy altar of Qazlal.
    97 | D        | Found an iron altar of Okawaru.
    97 | D        | Found a sparkling altar of Nemelex Xobeh.
    97 | D        | Found a burning altar of Makhleb.
    97 | D        | Found a blossoming altar of Fedhas.
    97 | D        | Found a white marble altar of Elyvilon.
    97 | D        | Found a shadowy altar of Dithmenos.
    97 | D        | Found a snail-covered altar of Cheibriados.
    99 | D        | Found a radiant altar of Vehumet.
    99 | D        | Found a corrupted altar of Lugonu.
   101 | D        | Found an ancient bone altar of Kikubaaqudgha.
   101 | D        | Found a hide-covered altar of Uskayaw.
   101 | D        | Found a broken altar of Ashenzari.
   108 | D        | Became a worshipper of Vehumet
   127 | D        | Reached XP level 2. HP: 15/15 MP: 4/7
   134 | D        | Learned a level 2 spell: Searing Ray
   156 | D        | Noticed a floating eye
   158 | D        | Killed a floating eye
   158 | D        | Reached * piety under Vehumet
   158 | D        | Offered knowledge of Sandblast by Vehumet.
   159 | D        | Reached XP level 3. HP: 19/19 MP: 4/11
   159 | D        | Reached XP level 4. HP: 24/24 MP: 4/13
   229 | D        | Noticed a floating eye
   230 | D        | Reached skill level 10 in Conjurations
   237 | D        | Reached ** piety under Vehumet
   238 | D        | Gained mutation: Your magical nature lets you fly swiftly
                  | and evasively. [Tengu growth]
   238 | D        | Reached XP level 5. HP: 28/28 MP: 9/15
   244 | D        | Paralysed by a floating eye for 2 turns
   246 | D        | Killed a floating eye
   249 | D        | Reached XP level 6. HP: 32/32 MP: 11/19
   256 | D        | Reached *** piety under Vehumet
   257 | D        | Reached skill level 10 in Spellcasting
   265 | D        | Reached skill level 1 in Fighting
   327 | D        | Offered knowledge of Kiss of Death by Vehumet.
   332 | D        | Learned a level 3 spell: Dazzling Flash
   337 | D        | Learned a level 4 spell: Fulminant Prism
   342 | D        | Learned a level 4 spell: Iskenderun's Mystic Blast
   344 | D        | Learned a level 1 spell: Kiss of Death
   434 | D        | Offered knowledge of Static Discharge by Vehumet.
   434 | D        | Reached **** piety under Vehumet
   444 | D        | Reached ***** piety under Vehumet
   461 | D        | Reached skill level 5 in Fighting
   461 | D        | Reached skill level 5 in Dodging
   461 | D        | Reached skill level 5 in Stealth
   461 | D        | Reached XP level 7. HP: 29/44 MP: 15/21
   581 | D        | Noticed a red devil
   585 | D        | HP: 2/44 [red devil/+0 trident (12)]
   599 | D        | Slain by a red devil

Illustrated notes

Levels and vault maps discovered:
D:        pitsprint [storerooms_1, entrance_room_1, metal_vault_7, armoury_1,
          mini_pit_1, grid_room_1, main_hall_1, silver_pit, the_coven_2,
          the_vestibule_1, steel_vault_1, golden_pit, hallway_of_sentries,
          crystal_vault_4, iron_vault_1, final_vault]

Skill      XL: |  1  2  3  4  5  6  7 |
---------------+----------------------+-----
Spellcasting   | 3 6 9 10 | 10.0
Conjurations   | 6 9 10 | 10.0
Fighting       | 5 |  5.0
Dodging        | 5 6 |  6.6
Stealth        | 5 6 |  6.3

Action                   |  1- 3 |  4- 6 |  7- 9 || total
-------------------------+-------+-------+-------++-------
Melee: Quarterstaff      |     2 |     9 |       ||    11
       Kick              |     1 |     3 |       ||     4
       Peck              |       |     1 |       ||     1
 Cast: Magic Dart        |     6 |    16 |       ||    22
       Searing Ray       |     1 |     4 |     1 ||     6
       Iskenderun's Myst |       |     7 |     4 ||    11
       Fulminant Prism   |       |     2 |     3 ||     5
       Dazzling Flash    |       |       |     1 ||     1
  Use: Potion            |       |     2 |     5 ||     7
 Stab: Sleeping          |       |     1 |       ||     1
Dodge: Dodged            |     7 |    16 |     6 ||    29

Table legend: (Time is in decaauts)
 A = Elapsed time spent in this place.
 B = Non-inter-level travel time spent in this place.
 C = Inter-level travel time spent in this place.
 D = Time resting spent in this place.
 E = Time spent auto-exploring this place.
 F = Levels seen in this place.
 G = Mean time per level.
                   A        B        C        D        E       F      G
               +--------+--------+--------+--------+--------+-----+--------+
         Total |    590 |    576 |     14 |     79 |    280 |   1 |  590.0 |
       Dungeon |    590 |    576 |     14 |     79 |    280 |   1 |  590.0 |
               +--------+--------+--------+--------+--------+-----+--------+

Top non-repeatable levels by time:
       D: 590 daAuts
